 Dungeon Crawl Stone Soup version 0.25-a0-464-g3004169c2b (webtiles) character file.

Game seed: 6504849033479677128, levelgen mode: deterministic

4748 Kohma the Blocker (level 10, -4/56 HPs)
             Began as a Gargoyle Fighter on Feb 5, 2020.
             Was a Believer of Ashenzari.
             Slain by a death yak (10 damage)
             ... on level 8 of the Dungeon.
             The game lasted 00:25:30 (8558 turns).

Kohma the Blocker (Gargoyle Fighter)                Turns: 8558, Time: 00:25:31

Health: -4/56      AC: 21    Str: 22    XL:     10   Next: 46%
Magic:  10/10      EV:  7    Int: 10    God:    Ashenzari [**....]
Gold:   186        SH: 13    Dex:  9    Spells: 9/9 levels left

rFire    . . .     SeeInvis .   b - +1 falchion (freeze)
rCold    . . .     Gourm    .   c - +1 shield
rNeg     + . .     Faith    .   i - +0 plate armour
rPois    ∞         Spirit   .   H - +0 helmet
rElec    +         Reflect  .   h - scarf {cloud immunity}
rCorr    +         Harm     .   (no gloves)
MR       .....                  (no boots)
Stlth    ..........             (no amulet)
HPRegen  0.18/turn              v - ring of resist corrosion
MPRegen  0.12/turn              d - +2 ring of evasion

@: no status effects
A: negative energy resistance 1, electricity resistance, unbreathing,
petrification resistance, rot immunity, AC +7
a: Curse Item, Scrying, Renounce Religion


You were on level 8 of the Dungeon.
You worshipped Ashenzari.
Ashenzari was pleased with you.
You were not hungry.

You visited 2 branches of the dungeon, and saw 10 of its levels.

You collected 426 gold pieces.
You spent 240 gold pieces at shops.

Inventory:

Hand Weapons
 a - a -2 demon blade
 b - a +1 falchion of freezing (weapon)
 k - a +2 dagger of venom
Missiles
 m - 15 poisoned darts (quivered)
Armour
 c - a +1 shield (worn)
 h - a scarf of cloud immunity (worn)
 i - a +0 plate armour (worn)
 q - a +0 buckler
 H - a +0 helmet (worn)
Jewellery
 d - a +2 ring of evasion (right hand)
 v - a ring of resist corrosion (left hand)
 C - an uncursed ring of protection from magic
Wands
 n - a wand of flame (13)
 o - a wand of polymorph (3)
 t - a wand of acid (6)
 A - a wand of scattershot (5)
Scrolls
 r - 6 scrolls of fog
 s - 2 scrolls of teleportation
 u - 2 scrolls of blinking
 x - a scroll of vulnerability
 y - a scroll of amnesia
 B - 3 scrolls of remove curse
 D - 2 scrolls of identify
 F - a scroll of magic mapping
Potions
 e - 5 potions of curing
 g - a potion of brilliance
 j - 3 potions of agility
 l - a potion of flight
 p - 3 potions of mutation
 w - a potion of lignification
 z - 2 potions of heal wounds
 E - a potion of haste
Comestibles
 f - 15 rations


   Skills:
 + Level 3.2 Fighting
 * Level 10.0 Long Blades
 - Level 6.0 Armour
 + Level 10.9 Shields


You had 9 spell levels left.
You didn't know any spells.
Your spell library contained the following spells:

 Spells                   Type           Power        Failure   Level  Hunger
 Freeze                   Ice            #...         100%        1    ##.....
 Ozocubu's Armour         Chrm/Ice       #.......     100%        3    ####...
 Hailstorm                Conj/Ice       #.......     100%        4    #####..
 Summon Ice Beast         Ice/Summ       #.......     100%        4    #####..


Dungeon Overview and Level Annotations

Branches:
Dungeon (9/15)             Temple (1/1) D:4
   Lair: D:8-11         Orc: D:9-12

Altars:
Ashenzari
Elyvilon
Gozag
Hepliaklqana
Makhleb
Nemelex Xobeh
Okawaru
Ru
Sif Muna
Trog
Uskayaw
Vehumet
Wu Jian
Xom
Yredelemnul
Zin
The Shining One

Shops:
D:4 *   D:5 *


Innate Abilities, Weirdness & Mutations

You are resistant to torment.
Your stone body is resilient. (AC +7)
You are immune to poison.
You resist negative energy. (rN+)
You are resistant to electric shocks. (rElec)
You can survive without breathing.
You are immune to petrification.
You are immune to rotting.


Message History

The death yak gores you!
You hit the death yak. You freeze the death yak.
The death yak is moderately wounded.
You block the death yak's attack.
Your plate armour prevents you from hitting the death yak.
The death yak is moderately wounded.
You block the death yak's attack.
Evoke which item? (* to show all) (? for menu, Esc to quit)
Aiming: Corrosive Bolt
Press: ? - help, Shift-Dir - straight line, f - death yak
Aim: a death yak (moderately wounded)
The bolt of acid hits the death yak.
The death yak is splashed with acid.
The acid corrodes the death yak!
The death yak is moderately wounded.
The death yak gores you!!
* * * LOW HITPOINT WARNING * * *
Your plate armour prevents you from hitting the death yak.
The death yak is moderately wounded.
The death yak gores you!
You die...

#.....# ##.###.#
#....#.#####
###########..#.#.#...#
#...#.....#....#>#.#.###
#.#.###[#.#....#...#...#
#.#.....#.####.#.#####.##
#.#######.# #..........#
#.#.....#.# ##.@Y..#####
#.#.###.#.#####...#.#
#.#...#...##......#.########
#.###.######.##.#.#.#......#
#.............#...#.#......#
#################..........#
............# #.#.#......#
###########.### #.#........#
..............###.###......#


You could see a death yak.

Vanquished Creatures
  Pikel (D:7)
  A hornet (D:8)
  A hippogriff (D:8)
  Grinder (D:4)
  Sigmund (D:4)
  Eustachio (D:4)
  Menkaure (D:4)
  An acid dragon (D:8)
  An orc warrior (D:7)
  An ice beast (D:7)
  4 sky beasts
  2 black bears
  5 ogres
  A necrophage (D:7)
  A phantom (D:4)
  A centaur (D:8)
  6 bullfrogs
  The ghost of Nattfarinn the Sneak, an amateur VSAs (D:3)
  A water moccasin skeleton (D:4)
  2 scorpions
  3 wights (D:7)
  3 howler monkeys
  3 crimson imps
  3 hounds
  A bullfrog zombie (D:7)
  2 orc priests
  3 orc wizards
  6 iguanas
  Jessica (D:3)
  Terence (D:3)
  7 worker ants
  A hound zombie (D:7)
  3 worker ant zombies
  A river rat (D:3)
  8 adders
  A shadow imp (D:8)
  An ooze (D:3)
  An adder zombie (D:5)
  2 adder skeletons
  3 worms
  2 dart slugs
  4 leopard geckos
  12 orcs
  7 bats
  5 giant cockroaches
  3 goblins
  5 hobgoblins
  17 jackals
  2 quokkas
  6 ball pythons
  6 frilled lizards
  A jackal zombie (D:6)
  8 kobolds
  A quokka skeleton (D:7)
  9 rats
176 creatures vanquished.

Notes
Turn   | Place    | Note
-------+----------+-------------------------------------------
     0 | D:1      | Kohma the Gargoyle Fighter began the quest for the Orb.
     0 | D:1      | Reached XP level 1. HP: 14/14 MP: 1/1
   363 | D:1      | Reached XP level 2. HP: 19/19 MP: 2/2
   856 | D:1      | Reached XP level 3. HP: 15/23 MP: 3/3
  1094 | D:2      | Reached XP level 4. HP: 24/28 MP: 4/4
  1326 | D:2      | Reached XP level 5. HP: 26/32 MP: 5/5
  1890 | D:3      | Found a runed translucent door.
  1890 | D:3      | Noticed Nattfarinn's ghost (amateur VSAs)
  1903 | D:3      | Found a runed translucent door.
  1954 | D:3      | Killed Nattfarinn's ghost
  1954 | D:3      | Reached skill level 5 in Shields
  2018 | D:3      | Noticed Jessica
  2050 | D:3      | Killed Jessica
  2050 | D:3      | Reached XP level 6. HP: 34/37 MP: 6/6
  2263 | D:3      | Found a shattered altar of Ashenzari.
  2263 | D:3      | Found a white marble altar of Elyvilon.
  2267 | D:3      | Became a worshipper of Ashenzari the Shackled
  2420 | D:3      | Noticed Terence
  2449 | D:3      | Killed Terence
  3168 | D:4      | Noticed a phantom
  3192 | D:4      | Killed a phantom
  3192 | D:4      | Reached XP level 7. HP: 32/41 MP: 7/7
  3320 | D:4      | Noticed Eustachio
  3362 | D:4      | Killed Eustachio
  3362 | D:4      | Reached skill level 5 in Long Blades
  3431 | D:4      | Found a staircase to the Ecumenical Temple.
  3439 | D:4      | Noticed Grinder
  3445 | D:4      | Paralysed by Grinder for 3 turns
  3459 | D:4      | Killed Grinder
  3491 | D:4      | Noticed Sigmund
  3504 | D:4      | Killed Sigmund
  3504 | D:4      | Reached XP level 8. HP: 35/46 MP: 8/8
  3547 | D:4      | Noticed Menkaure
  3561 | D:4      | Killed Menkaure
  3848 | Temple   | Entered the Ecumenical Temple
  4029 | D:4      | Found Wenwoune's General Store.
  4035 | D:4      | Bought a scroll of teleportation for 33 gold pieces
  4035 | D:4      | Bought a potion of heal wounds for 55 gold pieces
  4035 | D:4      | Bought a scroll of blinking for 82 gold pieces
  4532 | D:5      | Entered Level 5 of the Dungeon
  4720 | D:5      | Found Fiaxuif's Lightly-Used Armoury.
  4822 | D:5      | Reached XP level 9. HP: 35/51 MP: 9/9
  5489 | D:5      | Bought a -2 demon blade for 70 gold pieces
  5556 | D:6      | Reached * piety under Ashenzari
  6361 | D:7      | Reached skill level 10 in Shields
  6488 | D:7      | Found Soodasch's Food Boutique.
  6565 | D:7      | Found a sacrificial altar of Ru.
  6618 | D:7      | Noticed Pikel
  6647 | D:7      | Killed Pikel
  6753 | D:7      | Reached skill level 5 in Armour
  6753 | D:7      | Reached XP level 10. HP: 56/56 MP: 10/10
  8024 | D:8      | Reached ** piety under Ashenzari
  8265 | D:8      | Reached skill level 10 in Long Blades
  8525 | D:9      | Noticed a death yak
  8525 | D:9      | Noticed a death yak
  8548 | D:9      | Noticed a death yak
  8558 | D:8      | Slain by a death yak

Levels and vault maps discovered:
D:1:      dpeg_arrival_pits, layout_basic, minmay_misc_feat_encased
D:2:      layout_loops_ring, first_ration, minmay_octomino_e4
D:3:      layout_basic, gammafunk_temple_overflow_wave, serial_bayou,
          serial_bayou_pond_d, serial_bayou_lagoon_a, serial_bayou_lake_a,
          serial_bayou_pond_a, ebering_ghost_sewer_f, uniq_jessica, uniq_terence
D:4:      layout_basic, minmay_temple_entry_large_hall, serial_shops,
          nicolae_shop_stone, uniq_menkaure, uniq_eustachio, uniq_sigmund,
          uniq_grinder
D:5:      layout_loops_ring, hangedman_decor_peaks_small, minmay_shop_damaged,
          eino_tiny_chamber
D:6:      layout_cave_pods
D:7:      layout_basic, basic_altar, serial_shops, nicolae_shop_trees,
          kennysheep_generic_room_11, uniq_pikel
D:8:      layout_basic
D:9:      layout_long_grid, grunt_temple_overflow_forces_of_nature,
          gammafunk_temple_overflow_statue, kiku_gazebo_pond_becter,
          dpeg_lair_monsters, the_bakery, hangedman_abyss_or_decor_stagger,
          minmay_misc_feat_ornament
Temple:   eino_wide_crystal_templ

Skill      XL: |  1  2  3  4  5  6  7  8  9 10 |
---------------+-------------------------------+-----
Long Blades    | 2 3 4 6 7 9 10 | 10.0
Shields        | 4 5 6 7 9 10 | 10.9
Armour         | 5 6 |  6.0
Fighting       | |  3.2

Action                   |  1- 3 |  4- 6 |  7- 9 | 10-12 || total
-------------------------+-------+-------+-------+-------++-------
Melee: Long sword        |   171 |   267 |    28 |       ||   466
       Falchion          |       |       |   450 |   249 ||   699
Throw: Dart              |       |     2 |    20 |       ||    22
Evoke: Wand              |       |       |     4 |     1 ||     5
  Use: Scroll            |       |       |    15 |       ||    15
       Potion            |       |       |     1 |       ||     1
  Eat: Chunk             |     1 |     8 |    12 |     6 ||    27
Armor: Scale mail        |    14 |       |       |       ||    14
       Plate armour      |   177 |   196 |   292 |   109 ||   774
Dodge: Dodged            |    45 |    29 |   101 |    45 ||   220
Block: Shield            |   128 |   162 |   261 |    98 ||   649
       Rpst.: Long sword |    11 |     9 |    14 |       ||    34
       Falchion          |       |       |    22 |    14 ||    36

Table legend:
 A = Non-vault XP
 B = Vault XP
 C = Vault XP percentage of total XP
 D = Non-vault monster count
 E = Vault monster count
 F = Vault count percentage of total count
                 A         B        C        D         E       F
            +---------+---------+-------+---------+---------+-------
      Total |    5142 |    1641 |  24.2 |     161 |      15 |   8.5
            +---------+---------+-------+---------+---------+-------
        D:1 |      46 |       0 |   0.0 |      26 |       0 |   0.0
        D:2 |     116 |      21 |  15.3 |      23 |       4 |  14.8
        D:3 |      93 |     181 |  66.1 |      16 |       5 |  23.8
        D:4 |     520 |     848 |  62.0 |      14 |       4 |  22.2
        D:5 |     696 |       0 |   0.0 |      16 |       0 |   0.0
        D:6 |     562 |       0 |   0.0 |      16 |       0 |   0.0
        D:7 |    1521 |     591 |  28.0 |      29 |       2 |   6.5
        D:8 |    1588 |       0 |   0.0 |      21 |       0 |   0.0
            +---------+---------+-------+---------+---------+-------
